 Dungeon Crawl Stone Soup version 0.24.0-13-gcf9b319 (webtiles) character file.

Game seed: 8726390255911321411, levelgen mode: deterministic

5938 CBukowski the Basher (level 10, -1/90 HPs)
             Began as a Minotaur Berserker on Nov 13, 2019.
             Was an Elder of Trog.
             Slain by a sun demon (10 damage)
             ... summoned by a kobold demonologist
             ... on level 9 of the Dungeon on Nov 14, 2019.
             The game lasted 00:45:26 (7511 turns).

CBukowski the Basher (Minotaur Berserker)           Turns: 7511, Time: 00:45:26

Health: -1/90      AC: 19    Str: 25    XL:     10   Next: 54%
Magic:  9/9        EV:  9    Int:  4    God:    Trog [****..]
Gold:   627        SH:  0    Dex: 10    Spells: 9/9 levels left

rFire    . . .     SeeInvis .   D - +3 flail (venom)
rCold    . . .     Gourm    .   (no shield)
rNeg     . . .     Faith    .   K - +0 plate armour
rPois    +         Spirit   .   (helmet restricted)
rElec    .         Reflect  .   (no cloak)
rCorr    .         Harm     .   (no gloves)
MR       .....                  (no boots)
Stlth    ..........             (no amulet)
HPRegen  0.25/turn              f - +5 ring of protection
MPRegen  0.11/turn              u - ring of poison resistance

@: berserk cooldown, slowed, very slow
A: retaliatory headbutt, horns 2
a: Berserk, Trog's Hand, Brothers in Arms, Renounce Religion


You were on level 9 of the Dungeon.
You worshipped Trog.
Trog was greatly pleased with you.
You were hungry.

You visited 1 branch of the dungeon, and saw 9 of its levels.
You also visited: Ossuary.

You collected 627 gold pieces.

Inventory:

Hand Weapons
 a - a +0 mace
 D - a +3 flail of venom (weapon)
Armour
 K - a +0 plate armour (worn)
Jewellery
 f - a +5 ring of protection (left hand)
 l - an uncursed amulet of rage
 q - an uncursed ring of stealth
 u - a ring of poison resistance (right hand)
 H - a +4 ring of evasion
Wands
 E - a wand of flame (22)
Scrolls
 b - a scroll of holy word {unknown}
 e - 2 scrolls of fog {unknown}
 i - 5 scrolls of teleportation {unknown}
 m - 3 scrolls of enchant armour {unknown}
 o - 6 scrolls of identify
 p - 3 scrolls of magic mapping {unknown}
 s - 7 scrolls of remove curse {unknown}
 t - 3 scrolls of fear {unknown}
 y - a scroll of brand weapon {unknown}
 C - a scroll of noise {unknown}
 I - a scroll of enchant weapon {unknown}
Potions
 g - 2 potions of might {unknown}
 h - 2 potions of haste
 j - 3 potions of heal wounds
 k - 5 potions of flight
 n - 5 potions of curing
 r - a potion of ambrosia {unknown}
 v - a potion of magic {unknown}
 w - a potion of degeneration {unknown}
 x - a potion of brilliance {unknown}
 z - a potion of resistance {unknown}
 A - a potion of invisibility {unknown}
 B - 2 potions of berserk rage {unknown}
 J - a potion of cancellation {unknown}
Comestibles
 c - 2 rations


   Skills:
 * Level 8.8 Fighting
 - Level 14.0 Maces & Flails
 + Level 9.0 Armour
 + Level 5.0 Dodging


You had 9 spell levels left.
You didn't know any spells.
Your spell library was empty.

Dungeon Overview and Level Annotations

Branches:
Dungeon (9/15)             Temple (0/1) D:7         Ossuary (visited)
   Lair: D:8-11         Orc: D:9-12

Altars:
Ashenzari
Cheibriados
Dithmenos
Fedhas
Gozag
Makhleb
Okawaru
Qazlal
Trog
Uskayaw
Vehumet
Wu Jian

Shops:
D:8 *

Annotations:
D:2 Sigmund
D:8 3 runed translucent doors, MetaCosm's ghost, novice FoFi


Innate Abilities, Weirdness & Mutations

You reflexively headbutt those who attack you in melee.
You have a pair of horns on your head.


Message History

The quasit claws you but does no damage. x2
The sun demon hits you.
You are engulfed in flames!
* * * LOW HITPOINT WARNING * * *
There is a stone staircase leading up here.
The quasit bites you but does no damage.
The quasit misses you. The quasit claws you.
* * * LOW HITPOINT WARNING * * *
The troll bites you but does no damage. The troll claws you.
* * * LOW HITPOINT WARNING * * *
The troll claws you but does no damage. The iron imp barely misses you.
The quasit closely misses you. You furiously retaliate!
You headbutt the quasit.
You kill the quasit!
The shadow imp laughs crazily.
The shadow imp hits you but does no damage.
The kobold demonologist hits you but does no damage.
The sun demon hits you!
* * * LOW HITPOINT WARNING * * *
You are engulfed in flames!
You die...

## #....(#.####5O' .###.#.# .#
#.....#.....D#. ....⌠... ## #
#.....#.# .#.#.### .# #.##...##D#
#.. # ## #..##.##..# ###.# # .#
#...[...## # ... .
#########.#########.#########.###
...............5K................
.............O.3@5.....#..####.#.
..............§.T5.....#..####.#.
###########'############.......#.
......................#.
........................#.
...........# #..........#.
........########..# #......###.+.
<.......# #..# #......# #.#
........# #..# #......# #..


You could see a two-headed ogre, a sun demon, a kobold demonologist, a troll, an
iron imp, a quasit and a shadow imp.

Vanquished Creatures
  A hydra (D:9)
  A two-headed ogre (D:9)
  A troll (D:9)
  A wyvern (D:9)
  A wraith (D:9)
  Eustachio (D:9)
  A steam dragon (D:9)
  An ice beast (D:5)
  5 orc warriors
  3 ogres
  2 phantoms
  A black bear (D:7)
  A necrophage (D:8)
  2 centaurs
  11 scorpions
  2 wights (D:9)
  12 killer bees
  A howler monkey (D:9)
  4 crimson imps
  A quasit (D:9)
  2 human zombies (Ossuary)
  A centaur zombie (D:8)
  2 hounds
  2 jellies
  8 orc wizards
  8 orc priests
  2 bullfrog skeletons
  A centaur skeleton (D:4)
  An iguana (D:9)
  5 worker ants
  Natasha (twice) (D:2)
  3 big kobold zombies (Ossuary)
  A hound skeleton (D:5)
  3 mummies (Ossuary)
  13 adders
  2 scorpion zombies (Ossuary)
  A shadow imp (D:5)
  An ooze (D:2)
  An adder skeleton (D:9)
  2 worms (D:2)
  4 leopard geckos
  21 orcs
  8 giant cockroaches
  6 goblins
  3 hobgoblins
  8 jackals
  5 kobolds
  2 quokkas
  3 ball pythons
  6 bats
  7 frilled lizards
  A gnoll zombie (Ossuary)
  A goblin zombie (Ossuary)
  A hobgoblin zombie (Ossuary)
  A jackal zombie (D:6)
  A kobold zombie (Ossuary)
  2 orc zombies (Ossuary)
  A quokka skeleton (D:4)
  7 rats
  A rat zombie (D:6)
203 creatures vanquished.

Vanquished Creatures (collateral kills)
  A killer bee (D:9)
1 creature vanquished.

Vanquished Creatures (others)
  2 plants (D:9)
2 creatures vanquished.

Grand Total: 206 creatures vanquished

Notes
Turn   | Place    | Note
-------+----------+-------------------------------------------
     0 | D:1      | CBukowski the Minotaur Berserker began the quest for the
                  | Orb.
     0 | D:1      | Reached XP level 1. HP: 19/19 MP: 0/0
   270 | D:1      | Reached XP level 2. HP: 27/27 MP: 1/1
   285 | D:1      | Reached skill level 4 in Maces & Flails
   580 | D:2      | Reached XP level 3. HP: 27/33 MP: 2/2
   713 | D:2      | Found a radiant altar of Vehumet.
   768 | D:2      | Found an ornate altar of the Wu Jian Council.
   768 | D:2      | Noticed Natasha
   772 | D:2      | Killed Natasha
   772 | D:2      | Reached ** piety under Trog
   772 | D:2      | Reached skill level 5 in Maces & Flails
   778 | D:2      | Reached XP level 4. HP: 33/41 MP: 3/3
   909 | D:2      | Found a burning altar of Makhleb.
  1334 | D:2      | Noticed Natasha
  1345 | D:2      | Killed Natasha
  1364 | D:2      | Noticed Sigmund
  1456 | D:3      | Reached XP level 5. HP: 47/47 MP: 4/4
  1585 | D:3      | Reached skill level 6 in Maces & Flails
  2132 | D:4      | Found an iron altar of Okawaru.
  2141 | D:4      | Reached *** piety under Trog
  2146 | D:4      | Reached XP level 6. HP: 41/55 MP: 5/5
  2259 | D:4      | Reached skill level 7 in Maces & Flails
  2395 | D:4      | Reached skill level 5 in Fighting
  2650 | D:5      | Entered Level 5 of the Dungeon
  2780 | D:5      | Reached XP level 7. HP: 54/61 MP: 6/6
  2873 | D:5      | Reached skill level 8 in Maces & Flails
  3033 | D:5      | Reached skill level 9 in Maces & Flails
  3033 | D:5      | Reached skill level 5 in Armour
  3264 | D:5      | Reached XP level 8. HP: 63/70 MP: 7/7
  3316 | D:5      | Found a snail-covered altar of Cheibriados.
  3320 | D:5      | Found a bloodstained altar of Trog.
  3582 | D:6      | Reached **** piety under Trog
  3644 | D:6      | Found a sand-covered staircase.
  3661 | Ossuary  | Entered an ossuary
  3719 | Ossuary  | Reached skill level 10 in Maces & Flails
  4320 | Ossuary  | Reached skill level 11 in Maces & Flails
  4685 | D:6      | Found a stormy altar of Qazlal.
  4993 | D:6      | Reached XP level 9. HP: 71/78 MP: 8/8
  5167 | D:7      | Identified the +6 quarterstaff of the Evil Eye {venom, +Inv
                  | MR+ Int-4}
  5441 | D:7      | Found a staircase to the Ecumenical Temple.
  5698 | D:7      | Found a hide-covered altar of Uskayaw.
  6005 | D:8      | Found Goloppuadu's Demolitions Depot.
  6093 | D:8      | Found a shattered altar of Ashenzari.
  6118 | D:8      | Reached skill level 12 in Maces & Flails
  6291 | D:8      | Found an iron altar of Okawaru.
  6358 | D:8      | Found a blossoming altar of Fedhas.
  6480 | D:8      | Found a runed translucent gate.
  6480 | D:8      | Found a runed translucent gate.
  6483 | D:8      | Found an opulent altar of Gozag.
  6483 | D:8      | Found a runed translucent gate.
  6484 | D:8      | Noticed a cyclops
  6484 | D:8      | Noticed MetaCosm's ghost (novice FoFi)
  6549 | D:8      | Reached ***** piety under Trog
  6683 | D:8      | Found a shadowy altar of Dithmenos.
  6814 | D:9      | Noticed Eustachio
  6830 | D:9      | Killed Eustachio
  6999 | D:9      | Reached skill level 13 in Maces & Flails
  7012 | D:9      | Noticed a troll
  7020 | D:9      | Killed a troll
  7049 | D:9      | Reached XP level 10. HP: 86/86 MP: 9/9
  7107 | D:9      | Noticed a two-headed ogre
  7126 | D:9      | Killed a two-headed ogre
  7368 | D:9      | Reached skill level 14 in Maces & Flails
  7412 | D:9      | Noticed a two-headed ogre
  7412 | D:9      | Noticed an eight-headed hydra
  7431 | D:9      | Killed an eight-headed hydra
  7431 | D:9      | Reached skill level 5 in Dodging
  7504 | D:9      | Noticed a sun demon
  7511 | D:9      | Slain by a sun demon

Levels and vault maps discovered:
D:1:      eino_arrival_water_cross, layout_rooms
D:2:      layout_loops_ring, vehumet_crystals, nicolae_overflow_hidden_temple,
          old_standard_altar, uniq_natasha, uniq_sigmund
D:3:      layout_basic
D:4:      layout_basic, okawaru_gym_becter
D:5:      layout_gridville, minitemple, first_ration
D:6:      layout_loops_corners, grunt_qazlal_sundering, enter_ossuary_3
D:7:      layout_basic, kennysheep_mini_moat, lemuel_doored_altar,
          minmay_temple_entry_junction_2, st_stairs_6, lemuel_altar_in_water
D:8:      layout_rooms, kennysheep_little_box, nicolae_dithmenos_shadow_blocks,
          nicolae_overflow_crystal_walls, marbit_many_paths, special_room
          [special_room_orc], ebering_ghost_gozag, nicolae_blasting_shop
D:9:      minmay_the_grid_4x2 [minmay_the_grid_garden,
          minmay_the_grid_minigrid_medium, minmay_the_grid_square_x,
          minmay_the_grid_medium_cups, minmay_the_grid_dragon_b,
          minmay_the_grid_slots, minmay_the_grid_all_tris,
          minmay_the_grid_prize_four_corners], layout_stronghold, sword_in_stone

Skill      XL: |  1  2  3  4  5  6  7  8  9 10 |
---------------+-------------------------------+-----
Fighting       | 4 5 6 7 8 |  8.8
Maces & Flails | 4 5 6 7 9 11 13 14 | 14.0
Armour         | 3 4 5 6 7 9 |  9.0
Dodging        | 3 4 5 |  5.0

Action                   |  1- 3 |  4- 6 |  7- 9 | 10-12 || total
-------------------------+-------+-------+-------+-------++-------
Melee: Mace              |    67 |   146 |   277 |       ||   490
       Headbutt          |     5 |    22 |    74 |    15 ||   116
       Flail             |       |       |    88 |    57 ||   145
Invok: Berserk           |     1 |     1 |     4 |     3 ||     9
       Trog's Hand       |       |       |     1 |     2 ||     3
       Brothers in Arms  |       |       |       |     1 ||     1
  Use: Scroll            |       |     2 |     3 |       ||     5
       Potion            |       |       |       |     1 ||     1
  Eat: Chunk             |     1 |     4 |     3 |     3 ||    11
       Ration            |       |     1 |     5 |       ||     6
Armor: Scale mail        |    79 |    75 |   121 |       ||   275
       Chain mail        |       |       |    29 |    15 ||    44
       Plate armour      |       |       |       |    66 ||    66
Dodge: Dodged            |    43 |    73 |   177 |    76 ||   369
